Map: Polka LE

Players

Schlumpfine - Winner!

  • Race: Zerg Zerg
  • League: Master
  • Spawn Location: 5:00

Zeros - Winner!

  • Race: Terran Terran
  • Spawn Location: 5:00

qqq

  • Race: Zerg Zerg
  • Spawn Location: 11:00

Massa

  • Race: Terran Terran
  • League: Platinum
  • Spawn Location: 11:00

VOD

Have the link to the VOD?

Description

Time

  • Played on: Oct. 25, 2020, 6:43 a.m.
  • Length: 17:47
Show
View Real Time Build Order
Export as new Build Order

Schlumpfine Zerg - Winner!

Build Orders: Hatch First 

Get SALT Encoding   

  12  0:00  Drone  
  13  0:08  Drone  
  14  0:27  Overlord  
  14  0:47  Drone x2  
  16  0:58  Drone  
  16  0:59  Extractor  
  16  1:08  Drone  
  17  1:13  Hatchery  
  17  1:18  Drone, Spawning Pool  
  17  1:23  Drone  
  17  1:36  Drone  
  18  1:45  Drone  
  19  1:56  Drone  
  20  2:05  Metabolic Boost  
  20  2:08  Drone  
  21  2:27  Zergling x4  
  21  2:29  Drone  
  24  2:31  Queen  
  24  2:36  Queen  
  28  2:37  Hatchery  
  28  2:42  Overlord  
  27  2:46  Overlord  
  27  2:53  Drone  
  27  2:55  Overlord  
  28  3:07  Drone x2  
  28  3:08  Drone x2  
  32  3:14  Baneling Nest  
  31  3:20  Extractor  
  31  3:22  Drone x2  
  32  3:31  Drone x2  
  34  3:41  Drone  
  35  3:45  Drone  
  36  3:51  Zergling x4  
  36  3:52  Zergling x2  
  39  4:16  Zergling x2  
  41  4:17  Zergling x12  
  41  4:18  Baneling  
  41  4:21  Baneling  
  46  4:32  Baneling x2  
  46  4:33  Baneling  
  46  4:39  Baneling  
  46  4:54  Drone x5  
  46  4:55  Drone  
  46  4:56  Drone x3, Queen  
  56  5:03  Lair  
  56  5:09  Drone x2  
  56  5:11  Evolution Chamber  
  56  5:12  Drone  
  56  5:13  Extractor, Evolution Chamber  
  56  5:14  Drone  
  56  5:16  Overlord  
  56  5:17  Overlord x2  
  57  5:23  Zergling x2  
  58  5:31  Extractor, Drone  
  58  5:34  Queen  
  58  5:35  Drone x4  
  64  5:46  Zerg Melee Weapons Level 1  
  64  5:47  Zerg Ground Armor Level 1  
  64  5:54  Drone  
  64  5:55  Drone x2  
  64  5:56  Drone  
  64  5:57  Drone x5  
  69  6:02  Zergling x4  
  75  6:04  Baneling x3  
  75  6:05  Baneling  
  75  6:08  Baneling  
  75  6:12  Hatchery  
  74  6:19  Drone, Spore Crawler  
  74  6:22  Drone  
  74  6:24  Spore Crawler  
  74  6:26  Drone x8, Spore Crawler  
  77  6:52  Zergling x2  
  77  6:53  Zergling x14  
  81  6:57  Centrifical Hooks  
  81  7:04  Hydralisk Den  
  81  7:06  Baneling  
  80  7:08  Baneling  
  80  7:09  Baneling x3  
  80  7:21  Overlord x4  
  80  7:28  Zergling x14  
  87  7:30  Baneling x6  
  87  7:31  Baneling  
  87  7:32  Baneling x7  
  87  7:42  Zergling x2  
  87  7:43  Zergling x18  
  80  8:21  Baneling  
  80  8:22  Baneling x16, Zergling x2  
  80  8:23  Zergling x26  
  91  8:32  Zergling x16  
  92  8:37  Zerg Melee Weapons Level 2, Infestation Pit  
  92  8:38  Zerg Ground Armor Level 2  
  92  8:40  Muscular Augments  
  87  8:54  Hydralisk  
  87  8:55  Hydralisk x8  
  97  8:57  Baneling x3  
  103  9:08  Drone  
  103  9:09  Drone x7  
  87  9:30  Spore Crawler  
  86  9:31  Queen  
  86  9:32  Drone  
  86  9:33  Drone x4, Spore Crawler  
  92  9:44  Spore Crawler  
  91  9:48  Spore Crawler  
  91  9:50  Spore Crawler x2  
  88  9:52  Spore Crawler  
  88  9:53  Drone x3  
  88  9:54  Drone x2, Spore Crawler  
  88  9:55  Drone  
  88  9:56  Hydralisk  
  88  9:57  Hydralisk x5  
  104  10:01  Baneling x5  
  101  10:21  Drone x4  
  105  10:22  Drone  
  105  10:24  Drone x3  
  105  10:25  Drone, Extractor x2  
  105  10:27  Drone x3  
  111  10:31  Extractor  
  111  10:32  Drone x3  
  111  10:33  Extractor  
  111  10:34  Drone x3  
  115  10:42  Grooved Spines  
  115  10:54  Hydralisk x2  
  119  10:58  Zergling x2  
  119  11:00  Overlord x3  
  119  11:01  Overlord  
  119  11:08  Zergling x2  
  119  11:18  Zergling x4  
  119  11:19  Zergling x26  
  119  11:21  Baneling x2  
  134  11:29  Spine Crawler  
  134  11:31  Spine Crawler  
  134  11:32  Drone x3  
  135  11:33  Drone x3  
  135  11:34  Spine Crawler  
  135  11:35  Zergling x4  
  135  11:36  Zergling x4  
  135  11:39  Baneling x2  
  137  11:40  Baneling x5  
  132  11:56  Baneling x6  
  132  11:57  Zergling x2  
  132  11:58  Zergling x22  
  132  12:09  Lurker Den  
  132  12:12  Baneling  
  132  12:13  Baneling x9, Hydralisk  
  132  12:14  Hydralisk x7  
  139  12:17  Baneling  
  139  12:18  Baneling x5  
  139  12:27  Zergling x10  
  144  12:42  Zergling x2  
  144  12:43  Zergling x12  
  150  12:58  Overlord x4  
  150  13:16  Hydralisk  
  150  13:17  Hydralisk x9  
  150  13:19  Zergling x2  
  144  13:51  Queen  
  144  13:57  Zergling x18  
  144  13:58  Zergling x18  
  144  14:02  Hatchery  
  145  14:09  Queen  
  144  14:12  Spore Crawler  
  144  14:15  Drone, Spore Crawler  
  144  14:16  Drone x5  
  127  14:31  Baneling  
  127  14:32  Baneling x17  
  127  14:33  Baneling, Zergling x8  
  127  14:34  Zergling x18  
  128  14:48  Zergling x2  
  128  14:49  Zergling x8  
  126  14:53  Zergling x2, Burrow  
  126  14:54  Zergling x12  
  126  14:56  Baneling x12  
  126  14:58  Baneling  
  133  15:06  Zerg Missile Weapons Level 1  
  126  15:07  Hive  
  115  15:16  Baneling x16  
  115  15:17  Zergling x8  
  115  15:18  Zergling x14  
  126  15:37  Zergling x2  
  126  15:38  Zergling x28  
  92  15:51  Zergling x20  
  99  15:57  Zergling x8  
  102  16:04  Baneling  
  102  16:05  Drone, Baneling x14  
  102  16:07  Drone  
  102  16:08  Drone  
  102  16:09  Drone  
  102  16:10  Drone  
  107  16:11  Drone  
  107  16:12  Drone  
  107  16:14  Drone  
  110  16:32  Hydralisk x7  
  112  16:34  Hydralisk  
  122  16:45  Baneling  
  122  16:46  Baneling x6  
  122  16:47  Baneling x7  
  122  16:48  Hydralisk  
  122  16:49  Hydralisk  
  122  16:51  Drone  
  122  16:52  Drone  
  127  17:00  Drone  
  128  17:06  Zergling x4  
  130  17:13  Zergling x2  
  130  17:14  Zergling x24  
  143  17:15  Spine Crawler  
Show
View Real Time Build Order
Export as new Build Order

Zeros Terran - Winner!

Build Orders: Gas First Reaper Expand 

Get SALT Encoding   

  12  0:00  SCV  
  13  0:12  SCV  
  14  0:18  Supply Depot  
  14  0:24  SCV  
  15  0:31  Refinery  
  15  0:39  SCV  
  16  0:51  Barracks  
  16  0:55  SCV  
  17  1:07  SCV  
  18  1:19  SCV  
  19  1:37  Orbital Command  
  19  1:38  Reaper  
  20  1:49  Command Center  
  20  1:58  Refinery  
  20  2:04  SCV  
  21  2:20  Marine  
  22  2:23  SCV  
  22  2:26  Factory, Supply Depot  
  23  2:40  Barracks Reactor  
  23  2:48  SCV  
  23  2:49  Barracks  
  24  3:00  SCV  
  24  3:02  Orbital Command  
  25  3:09  Factory Tech Lab  
  25  3:13  SCV  
  25  3:14  Starport  
  26  3:23  Marine x2  
  26  3:25  SCV  
  26  3:26  Engineering Bay  
  29  3:28  SCV  
  30  3:37  SCV  
  31  3:46  SCV  
  31  3:47  Siege Tank  
  35  3:49  SCV  
  35  3:54  Missile Turret  
  36  3:56  Starport Reactor  
  36  3:57  Barracks Tech Lab  
  36  3:58  SCV  
  36  4:01  SCV  
  38  4:05  Barracks  
  39  4:24  SCV x2  
  39  4:28  Marine x3  
  39  4:30  Command Center  
  42  4:36  Supply Depot  
  42  4:37  Supply Depot  
  42  4:39  Refinery  
  42  4:40  Refinery  
  42  4:43  Siege Tank  
  45  4:52  Marine  
  46  4:56  Supply Depot  
  46  4:57  Barracks Tech Lab  
  46  4:58  Marine  
  47  5:14  Missile Turret  
  47  5:16  Terran Infantry Weapons Level 1  
  47  5:17  Marine x3  
  52  5:24  Medivac x2  
  52  5:25  SCV  
  55  5:31  Stimpack, Combat Shield  
  55  5:34  SCV  
  56  5:39  SCV  
  57  5:46  Supply Depot  
  57  5:48  Siege Tank  
  57  5:49  Marine x3  
  63  5:50  SCV  
  63  5:53  Orbital Command  
  62  6:20  Siege Tank  
  65  6:26  Sensor Tower  
  65  6:27  SCV x2  
  65  6:28  SCV, Marine  
  65  6:29  Marine x2  
  65  6:31  Marine  
  72  6:33  Medivac x2  
  72  6:39  Orbital Command  
  76  6:42  SCV, Missile Turret  
  76  6:44  Missile Turret  
  76  6:46  Marine x2, Missile Turret  
  79  6:54  Siege Tank  
  82  7:03  Medivac x2  
  82  7:07  Factory  
  86  7:14  SCV  
  86  7:15  SCV  
  88  7:28  Terran Infantry Armor Level 1, Missile Turret x2  
  88  7:31  Armory  
  88  7:33  Marine x3  
  88  7:35  Missile Turret  
  91  7:44  Supply Depot  
  91  7:45  Supply Depot x3  
  91  8:03  Marine x2  
  91  8:05  Marine x2, Siege Tank  
  98  8:08  Missile Turret  
  98  8:09  Missile Turret  
  98  8:10  Missile Turret  
  91  8:21  Marine x2  
  91  8:26  Marine  
  93  8:27  Marine  
  95  8:39  Marine  
  96  8:43  SCV x3  
  99  8:53  Marine, Siege Tank  
  99  8:54  Marine x2  
  99  8:55  SCV x2, Medivac x2  
  111  8:56  Marine  
  111  9:07  SCV x2  
  113  9:11  Marine x2  
  115  9:25  Siege Tank  
  115  9:34  Marine x4  
  102  9:52  Factory Tech Lab, Marine  
  91  9:55  Terran Infantry Weapons Level 2  
  91  9:57  Terran Vehicle Weapons Level 1, Siege Tank  
  91  9:58  Medivac x2  
  94  10:05  Marine x3  
  97  10:09  Marine  
  98  10:20  Barracks  
  98  10:22  Barracks  
  97  10:35  SCV x3  
  99  10:44  Medivac x2  
  99  10:47  SCV  
  100  10:57  Marine x4  
  100  10:58  Siege Tank x2  
  110  11:14  Medivac x2  
  110  11:15  Marine x3  
  115  11:28  Barracks Reactor x2  
  115  11:29  Missile Turret  
  115  11:30  Marine, Siege Tank  
  119  11:33  Marine x3  
  119  11:34  Missile Turret  
  119  11:35  Missile Turret  
  119  11:36  Missile Turret  
  120  11:44  Medivac x2  
  120  11:47  Marine  
  120  11:49  Siege Tank  
  120  11:50  Marine  
  125  11:54  Marine  
  125  12:01  Missile Turret  
  125  12:26  Supply Depot x2  
  125  12:27  Supply Depot  
  125  12:29  Supply Depot  
  119  12:48  Marine x8, Medivac x2  
  119  12:49  Siege Tank  
  125  12:56  Command Center  
  100  13:05  Marine x4  
  100  13:06  Marine x2  
  100  13:07  Sensor Tower  
  97  13:18  Medivac  
  95  13:20  Marine x2  
  95  13:23  Marine x2  
  95  13:24  SCV x2  
  101  13:31  Missile Turret  
  101  13:32  Marine x3  
  101  13:33  Missile Turret  
  104  13:35  Missile Turret  
  104  13:36  SCV  
  104  13:40  Terran Infantry Weapons Level 3, Missile Turret  
  104  13:41  Terran Vehicle Weapons Level 2  
  101  13:58  Refinery  
  101  14:02  Refinery  
  101  14:12  Marine x5  
  104  14:17  Marine x3  
  104  14:18  Siege Tank x2  
  104  14:22  Orbital Command  
  113  14:29  Marine  
  113  14:30  Marine x3  
  103  14:34  Marine  
  103  14:35  Marine x2  
  106  14:47  Marine x2  
  108  14:58  Command Center  
  108  15:18  Siege Tank x2  
  114  15:23  Viking x2  
  117  15:53  Viking x2  
  119  16:10  Planetary Fortress  
  119  16:21  Refinery  
  119  16:23  Viking x2  
  119  16:25  Refinery, Missile Turret x2  
  123  16:27  Missile Turret  
  117  16:50  Marine  
  117  16:51  Marine x5  
  117  16:53  Viking x2  
  121  17:02  SCV x3  
  124  17:17  Starport  
Show
View Real Time Build Order
Export as new Build Order

qqq Zerg 

Build Orders: Hatch First 

Get SALT Encoding   

  12  0:01  Drone  
  13  0:11  Drone  
  14  0:36  Hatchery  
  13  0:43  Drone  
  14  0:59  Spawning Pool  
  14  1:02  Overlord  
  13  1:07  Drone  
  13  1:10  Extractor  
  13  1:14  Drone  
  14  1:31  Drone x2  
  16  1:36  Drone  
  17  2:01  Queen  
  17  2:02  Queen  
  17  2:04  Drone x2  
  23  2:11  Drone  
  24  2:17  Extractor  
  24  2:21  Drone  
  24  2:22  Drone  
  25  2:25  Metabolic Boost  
  25  2:30  Drone  
  25  2:32  Drone  
  27  2:43  Drone  
  28  2:45  Overlord  
  28  2:47  Overlord  
  28  3:14  Drone x3  
  28  3:16  Zergling x4  
  33  3:22  Hatchery  
  32  3:27  Zergling x4  
  32  3:29  Drone  
  32  3:31  Drone x2  
  32  3:33  Zergling x2  
  38  3:35  Zergling x2  
  38  3:37  Zergling x2  
  38  3:40  Drone  
  41  3:41  Drone  
  42  3:54  Zergling x4  
  43  4:18  Lair  
  43  4:26  Drone  
  44  4:34  Drone x3  
  44  4:35  Extractor, Overlord  
  44  4:36  Drone x3  
  46  5:03  Drone x5  
  51  5:09  Drone, Zergling x4, Overlord x3  
  55  5:14  Drone  
  55  5:15  Drone  
  55  5:19  Extractor  
  55  5:20  Extractor  
  54  5:23  Drone  
  54  5:25  Spire  
  54  5:27  Drone x2  
  56  5:33  Spine Crawler x2  
  56  5:34  Drone, Spore Crawler  
  54  5:39  Spore Crawler  
  54  5:40  Drone, Spore Crawler  
  53  5:47  Drone  
  53  5:48  Drone  
  53  5:49  Zergling x4  
  57  5:50  Zergling x4  
  57  5:55  Drone  
  60  6:13  Zergling x2  
  60  6:14  Zergling x8  
  60  6:15  Drone x7  
  72  6:22  Queen  
  72  6:25  Drone  
  75  6:26  Hatchery  
  75  6:27  Zergling x4  
  76  6:39  Hatchery  
  74  6:54  Mutalisk x5  
  71  6:56  Overlord x2  
  81  7:14  Mutalisk x5, Queen  
  81  7:15  Mutalisk x2  
  97  7:21  Overlord  
  97  7:22  Overlord  
  97  7:34  Zerg Flyer Weapons Level 1  
  97  7:35  Overlord x4  
  97  7:36  Overlord  
  97  7:44  Drone x4, Mutalisk  
  99  7:45  Mutalisk  
  93  8:25  Mutalisk x3  
  93  8:26  Mutalisk  
  88  8:31  Drone x2  
  88  8:32  Drone x7  
  93  8:49  Mutalisk x3  
  93  8:51  Drone x3  
  95  9:10  Mutalisk x2  
  99  9:22  Mutalisk  
  102  9:24  Drone x6  
  102  9:25  Drone x3  
  102  9:28  Zerg Flyer Armor Level 1  
  102  9:29  Extractor  
  109  9:31  Extractor  
  102  9:47  Hatchery  
  97  10:05  Infestation Pit  
  96  10:08  Mutalisk x4  
  96  10:10  Zergling x8  
  96  10:11  Zergling x14  
  113  10:21  Drone  
  114  10:30  Drone x2  
  114  10:34  Drone x3  
  119  10:35  Hatchery  
  119  10:40  Mutalisk x2  
  119  10:41  Mutalisk x2  
  126  10:43  Drone  
  125  10:59  Hatchery  
  115  11:10  Mutalisk x3  
  117  11:22  Mutalisk  
  113  11:36  Hive  
  107  11:41  Drone x2  
  107  11:42  Drone x6  
  107  11:45  Spine Crawler x3  
  111  11:47  Spine Crawler  
  111  11:48  Spine Crawler x2  
  111  11:50  Spine Crawler  
  104  12:16  Drone x5  
  104  12:17  Drone x4, Mutalisk x2  
  104  12:18  Mutalisk x3  
  115  12:35  Drone  
  114  12:41  Drone  
  115  12:45  Spine Crawler  
  104  13:27  Greater Spire  
  104  13:28  Drone x3  
  107  13:39  Extractor  
  107  13:40  Extractor  
  105  14:01  Hatchery  
  100  14:10  Corruptor x6  
  100  14:14  Hatchery  
  91  14:24  Corruptor x2  
  91  14:25  Hatchery, Drone  
  91  14:26  Drone x2  
  97  14:50  Brood Lord x5  
  107  14:53  Extractor  
  107  14:56  Brood Lord  
  108  15:12  Brood Lord  
  105  15:14  Brood Lord  
  100  15:59  Hatchery  
  99  16:06  Hatchery, Corruptor  
  99  16:07  Corruptor x4  
  99  16:08  Drone x2  
  99  16:09  Drone  
  111  16:20  Corruptor  
  111  16:21  Corruptor x3  
  119  16:36  Mutalisk, Corruptor  
  101  16:58  Drone  
  101  16:59  Drone x2  
  101  17:00  Zergling x8  
  96  17:06  Hydralisk Den  
  95  17:09  Evolution Chamber  
  95  17:10  Evolution Chamber  
  95  17:13  Brood Lord  
  95  17:17  Mutalisk  
  95  17:18  Corruptor  
Show
View Real Time Build Order
Export as new Build Order

Massa Terran 

Build Orders: Gas First Reaper Expand 

Get SALT Encoding   

  12  0:00  SCV  
  13  0:12  SCV  
  14  0:24  Supply Depot  
  14  0:25  SCV  
  15  0:31  Refinery  
  15  0:45  SCV  
  15  0:48  Barracks  
  16  0:57  SCV  
  17  1:09  SCV  
  18  1:24  SCV  
  19  1:35  Reaper  
  20  1:41  Orbital Command  
  20  1:49  Command Center  
  20  2:06  Marine  
  20  2:07  SCV  
  22  2:16  Supply Depot  
  22  2:26  Factory  
  22  2:28  Supply Depot  
  22  2:41  SCV  
  23  2:51  Barracks Reactor  
  23  2:53  SCV  
  24  3:05  SCV  
  24  3:08  Orbital Command  
  25  3:14  Starport  
  25  3:17  Refinery  
  25  3:18  SCV  
  26  3:25  Factory Tech Lab  
  26  3:26  Barracks  
  26  3:27  Engineering Bay  
  26  3:29  Supply Depot  
  26  3:31  Supply Depot  
  26  3:35  Marine x2  
  28  3:44  Siege Tank  
  30  4:08  SCV x2  
  32  4:12  Marine x2  
  37  4:19  Widow Mine  
  37  4:20  SCV x2  
  37  4:21  Medivac  
  40  4:30  Marine x2  
  42  4:32  SCV  
  43  4:41  Widow Mine  
  45  4:48  Marine x2  
  45  4:49  Barracks Reactor  
  45  4:50  Barracks Tech Lab  
  47  4:56  Refinery  
  47  4:58  Refinery, Terran Infantry Armor Level 1  
  47  5:00  Missile Turret  
  47  5:08  Missile Turret  
  47  5:17  Liberator  
  50  5:21  Missile Turret  
  50  5:22  Marine x3  
  53  5:28  Missile Turret  
  53  5:33  SCV x2  
  55  5:39  Marine  
  55  5:40  Marine x2  
  55  5:42  Command Center  
  58  5:45  SCV x2  
  58  5:47  Stimpack  
  58  5:49  Missile Turret  
  60  5:51  Siege Tank  
  63  5:57  SCV  
  64  6:33  SCV x2  
  64  6:37  Marauder  
  64  6:38  Marine x2  
  70  6:46  Supply Depot  
  70  6:47  Armory, Supply Depot x2  
  70  6:52  Terran Infantry Weapons Level 1  
  75  6:54  SCV x2, Siege Tank  
  75  6:55  Orbital Command  
  75  6:56  Marine  
  75  6:58  Marine  
  75  6:59  Marauder  
  79  7:06  SCV  
  79  7:26  Combat Shield, Siege Tank  
  79  7:29  Marauder, Marine x2  
  83  7:40  Medivac  
  85  7:47  Marine x2  
  85  7:50  Marauder  
  89  7:58  Thor  
  95  8:03  Barracks  
  95  8:05  Barracks, Marine x2  
  97  8:09  Barracks  
  97  8:10  Medivac  
  97  8:12  Marauder  
  96  8:33  Marauder  
  98  8:40  Marine  
  98  8:41  Marine  
  100  8:49  Viking  
  100  8:55  Marauder  
  104  8:58  Marine x2  
  106  9:16  Marauder, Marine  
  109  9:17  Marine  
  100  9:24  Viking  
  97  9:34  Marine  
  97  9:35  Marine  
  97  9:37  Marauder  
  88  9:50  Orbital Command  
  88  9:58  Orbital Command  
  88  9:59  Marauder  
  90  10:01  SCV  
  91  10:13  SCV  
  92  10:15  Terran Infantry Armor Level 2  
  92  10:17  Terran Vehicle Weapons Level 1  
  92  10:19  Missile Turret  
  92  10:21  Marauder  
  94  10:25  Barracks Tech Lab, SCV  
  91  10:37  SCV  
  91  10:38  Missile Turret  
  91  10:42  Marauder  
  94  10:49  SCV  
  95  10:58  Missile Turret  
  95  11:09  Siege Tank  
  98  11:12  Barracks Reactor  
  98  11:14  Marine  
  98  11:17  Missile Turret  
  99  11:37  Missile Turret  
  99  12:03  Siege Tank  
  80  12:14  Marauder x2, Marine  
  80  12:15  Marine  
  86  12:16  Marine  
  87  12:28  Marine  
  88  12:34  SCV  
  88  12:35  SCV, Marauder x2, Siege Tank  
  96  12:56  Marauder  
  96  12:57  Marauder  
  99  13:14  SCV x2  
  99  13:16  Supply Depot x4  
  101  13:37  Marauder x2, Siege Tank  
  108  13:41  Supply Depot  
  108  13:42  Supply Depot  
  106  14:19  Marauder  
  106  14:20  Marauder, Marine x4  
  114  14:37  Marine  
  114  14:38  Marine x3  
  108  14:41  Marauder x2  
  94  14:55  Marine x2  
  94  14:56  Marine x2  
  98  15:02  Marauder x2  
  94  15:13  Marine x2  
  90  15:23  Marauder  
  90  15:24  Marauder  
  90  15:26  Command Center  
  90  15:27  Terran Infantry Weapons Level 2  
  94  15:29  Command Center  
  94  15:45  Marauder x2  
  48  16:06  Marauder, Marine x2  
  48  16:07  Marauder, Marine x2  
  48  16:10  SCV  
  48  16:11  SCV  
  58  16:23  SCV x2  
  58  16:24  Marine x3  
  63  16:27  Marauder  
  63  16:28  Marauder  
  67  16:35  SCV  
  67  16:37  Marine  
  69  16:41  SCV x2  
  69  16:42  Marine x3  
  69  16:44  Orbital Command  
  74  16:47  SCV  
  74  16:48  Marine  
  74  16:49  Marine  
  77  16:55  Marine  
  78  17:05  Siege Tank  
Tags
 
Add a new tag
Caveats
  • Supply blocks, unpowered buildings, or Contaminate may cause inaccurate times.
  • Supply counts are checked every 10 seconds.